 Dungeon Crawl Stone Soup version 0.30-a0-1094-g860fb061e7 (webtiles) character file.

Game seed: 15025746079030998185

20622 Jeffwins the Arsonist (level 13, -7/86 HPs)
             Began as a Human Wanderer on Apr 17, 2023.
             Was a High Priest of Vehumet.
             Mangled by Harold
             ... wielding a +0 heavy halberd
              (34 damage)
             ... on level 1 of the Lair of Beasts.
             The game lasted 00:37:15 (18934 turns).

Jeffwins the Arsonist (Human Wanderer)             Turns: 18934, Time: 00:37:15

Health: -7/86      AC: 12    Str: 19    XL:     13   Next: 13%
Magic:  8/25       EV: 11    Int: 18    God:    Vehumet [*****.]
Gold:   521        SH:  7    Dex: 16    Spells: 15/28 levels left

rFire   . . .      SeeInvis .    a - +4 trident "Cousof Rinn" {elec, +Blink Str+2 Int+2}
rCold   + . .      Faith    .    h - +1 buckler of the Endless Expanse {rC+ Str+3 Stlth+}
rNeg    . . .      Spirit   .    V - +0 steam dragon scales
rPois   +          Reflect  .    R - +4 helmet of Weightlessness {+Inv rPois Will+ Stlth+}
rElec   +          Rampage  .    (no cloak)
rCorr   +                        o - +0 pair of gloves
Will    +....                    A - +0 pair of boots
Stlth   +++++                    g - amulet of regeneration
HPRegen 1.14/turn                F - ring of fire
MPRegen 0.19/turn                E - ring of Mistrust {Ice +Blink rElec rCorr Dex+3}

@: no status effects
A: no striking features
a: Renounce Religion, Evoke Blink, Evoke Invisibility


You were on level 1 of the Lair of Beasts.
You worshipped Vehumet.
Vehumet was extremely pleased with you.
You visited 2 branches of the dungeon, and saw 13 of its levels.
You also visited: Bailey.

You collected 751 gold pieces.
You spent 230 gold pieces at shops.


   Skills:
 - Level 3.0 Fighting
 - Level 2.0 Ranged Weapons
 + Level 5.2 Throwing
 - Level 5.0 Stealth
 - Level 6.0 Shields
 * Level 8.2 Spellcasting
 * Level 8.8 Conjurations
 * Level 7.0 Necromancy
 * Level 9.2 Fire Magic
 * Level 7.0 Earth Magic
 + Level 5.3 Evocations


You had 15 spell levels left.
You knew the following spells:

 Your Spells              Type           Power      Damage    Failure   Level
c - Fireball              Conj/Fire      28%        3d12      2%          5
v - Borgnjor's Vile Clut  Necr/Erth      16%        N/A       19%         5
x - Scorch                Fire           100%       2d9       1%          2
z - Foxfire               Conj/Fire      100%       2x1d9     1%          1

Your spell library contained the following spells:

 Spells                   Type           Power      Damage    Failure   Level
 Freezing Cloud           Conj/Ice/Air   13%        6-21      24%         5
 Ignite Poison            Fire/Tmut/Pois 27%        N/A       3%          3
 Passwall                 Tmut/Erth      16%        N/A       4%          2
 Animate Dead             Necr           32%        N/A       7%          4
 Ensorcelled Hibernation  Hex/Ice        22%        N/A       19%         2
 Ozocubu's Armour         Ice            11%        N/A       36%         3
 Swiftness                Air            7%         N/A       36%         3
 Death Channel            Necr           16%        N/A       71%         6
 Summon Lightning Spire   Summ/Air       7%         N/A       77%         4
 Metabolic Englaciation   Hex/Ice        5%         N/A       98%         5
 Simulacrum               Ice/Necr       15%        N/A       99%         6
 Storm Form               Tmut/Air       3%         N/A       100%        7
 Maxwell's Capacitive Co  Air            3%         ∞         100%        8

Inventory:

Hand Weapons
 a - the +4 trident "Cousof Rinn" (weapon) {elec, +Blink Str+2 Int+2}
   (You found it on level 9 of the Dungeon)

   Str:       It affects your strength (+2).
   Int:       It affects your intelligence (+2).
   +Blink:    It lets you blink.
 s - the +2 dagger "Zoug" {antimagic, *Corrode rF+ Int+2}
   (You bought it in a shop on level 2 of the Dungeon)

   Int:       It affects your intelligence (+2).
   rF:        It protects you from fire.
   *Corrode:  It may corrode you when you take damage.
 K - a +0 shortbow
Missiles
 j - 34 poisoned darts
 J - 8 curare-tipped darts {=f}
Armour
 h - the +1 buckler of the Endless Expanse (worn) {rC+ Str+3 Stlth+}
   (You found it in a bailey)

   Str:       It affects your strength (+3).
   rC:        It protects you from cold.
   Stlth:     It makes you more stealthy.
 o - a +0 pair of gloves (worn)
 z - a scarf of harm
 A - a +0 pair of boots (worn)
 R - the +4 helmet of Weightlessness (worn) {+Inv rPois Will+ Stlth+}
   (You found it in a bailey)

   rPois:     It protects you from poison.
   +Inv:      It lets you turn invisible.
   Will:      It increases your willpower.
   Stlth:     It makes you more stealthy.
 U - +0 acid dragon scales
 V - +0 steam dragon scales (worn)
Magical Staves
 N - a staff of air
 T - the staff of conjuration "Rooly" {Contam Dex+5 Stlth+, !a}
   (You found it in a bailey)

   [staff of conjuration]

   Base accuracy: +5 Base damage: 5 Base attack delay: 1.2 This weapon's minimum
   attack delay (0.6) is reached at skill level 12.
   Dex:       It affects your dexterity (+5).
   Contam:    It causes magical contamination when unequipped.
   Stlth:     It makes you more stealthy.
   It falls into the 'Staves' category.
   It is a one-handed weapon.
Jewellery
 g - an amulet of regeneration (around neck)
 y - a +4 ring of slaying
 C - a ring of protection from cold
 D - an amulet of reflection
 E - the ring of Mistrust (right hand) {Ice +Blink rElec rCorr Dex+3}
   (You found it on level 5 of the Dungeon)

   [ring of ice]

   It enhances your ice magic.
   Dex:       It affects your dexterity (+3).
   rF:        It makes you vulnerable to fire.
   rC:        It protects you from cold.
   rElec:     It insulates you from electricity.
   +Blink:    It lets you blink.
   rCorr:     It protects you from acid and corrosion.
 F - a ring of fire (left hand)
 O - a +4 ring of protection
 P - a ring of poison resistance
 Y - a +4 ring of slaying
Wands
 d - a wand of paralysis (3)
 w - a wand of mindburst (4)
 X - a wand of flame (10)
Scrolls
 b - 2 scrolls of teleportation {@r4}
 f - 3 scrolls of fear
 i - 4 scrolls of magic mapping
 k - 5 scrolls of enchant armour
 l - 4 scrolls of fog
 p - 2 scrolls of brand weapon
 q - 3 scrolls of vulnerability {!r}
 I - a scroll of enchant weapon
 M - 2 scrolls of immolation {!r}
 Z - 2 scrolls of poison
Potions
 c - a potion of attraction {unknown}
 m - 2 potions of magic {unknown}
 n - 2 potions of haste {@q3}
 r - 3 potions of mutation {unknown}
 t - 4 potions of lignification {unknown}
 x - 4 potions of might {unknown}
 B - 4 potions of curing {@q1}
 G - a potion of flight {unknown}
 H - 2 potions of brilliance {unknown}
 L - a potion of invisibility {unknown}
 Q - 2 potions of degeneration {unknown}
 W - a potion of cancellation
Miscellaneous
 e - a piece from Xom's chessboard (15/15)
 u - a condenser vane (inert)

Dungeon Overview and Level Annotations

Branches:
Dungeon (12/15)            Temple (0/1) D:7            Lair (1/5) D:9
    Orc (0/2) D:9          Bailey (visited)

Altars:
Cheibriados
Sif Muna
Uskayaw
Vehumet
Yredelemnul

Shops:
D:2 (   D:3 (   D:5 *   D:9 :

Annotations:
Lair:1 Harold

# ### ###
####.######.######.#####
...........÷÷÷.......÷..
...........###....#..##.
##.........# #.....####.
...........####...## #..
............# #...# #..
...........## #...# ##.
#?....@....# #...# #.
......@....## #...## ##.
...........# #....# #..
...........# #...## ##.
...........# #....# #.
...........# #....# #.
...........# ##...## #.
...........# #....# ##.
##...# #..


You could see Harold (combustible).


Message History

Casting: Scorch (safe; 1% risk of failure)
Confirm with . or Enter, or press ? or * to list all spells.
You feel a surge of power!
Flames lash Harold.
Harold is moderately wounded.
Harold's fire resistance burns away.
Unknown command.
Unknown command.
Casting: Scorch (safe; 1% risk of failure)
Confirm with . or Enter, or press ? or * to list all spells.
You feel a surge of power!
Flames lash Harold.
Harold is burned terribly!
Harold is heavily wounded.
Harold hits you with a +0 heavy halberd!
Casting: Scorch (safe; 1% risk of failure)
Confirm with . or Enter, or press ? or * to list all spells.
You feel a surge of power!
Flames lash Harold.
Harold is burned terribly!
Harold is heavily wounded.
Harold hits you with a +0 heavy halberd!!
* * * LOW HITPOINT WARNING * * *
Unknown command.
Casting: Scorch (safe; 1% risk of failure)
Confirm with . or Enter, or press ? or * to list all spells.
You feel a surge of power!
Flames lash Harold.
Harold is heavily wounded.
Unknown command.
Casting: Scorch (safe; 1% risk of failure)
Confirm with . or Enter, or press ? or * to list all spells.
You feel a surge of power!
Flames lash Harold.
Harold is burned terribly!
Harold is severely wounded.
Harold hits you with a +0 heavy halberd!!
You die...

Skill      XL: |  1  2  3  4  5  6  7  8  9 10 11 12 13 |
---------------+----------------------------------------+-----
Conjurations   | 1 2 3 4 5 6 7 8 |  8.8
Stealth        | 1 2 3 4 5 |  5.0
Spellcasting   | 2 3 4 5 6 7 8 |  8.2
Fire Magic     | 3 4 5 6 7 8 9 |  9.2
Shields        | 5 6 |  6.0
Throwing       | 1 2 3 4 5 |  5.2
Evocations     | 1 2 3 4 5 |  5.3
Ranged Weapons | 2 |  2.0
Earth Magic    | 2 3 5 6 7 |  7.0
Necromancy     | 2 4 5 6 7 |  7.0
Fighting       | |  3.0

Action                     |  1- 3 |  4- 6 |  7- 9 | 10-12 | 13-15 || total
---------------------------+-------+-------+-------+-------+-------++-------
  Melee: Dagger            |    74 |       |       |       |       ||    74
         Short sword       |     4 |    70 |    24 |       |       ||    98
         Trident           |       |       |     6 |    71 |    45 ||   122
   Fire: Shortbow          |       |       |    20 |       |       ||    20
   Cast: Foxfire           |    43 |    81 |   339 |   226 |    17 ||   706
         Scorch            |       |       |    11 |   306 |    37 ||   354
  Evoke: Wand              |       |       |    13 |       |       ||    13
         Condenser vane    |       |       |       |     2 |       ||     2
    Use: Potion            |       |     1 |     1 |     1 |     2 ||     5
         Scroll            |       |       |    13 |     2 |       ||    15
   Stab: Sleeping          |     1 |     1 |       |     1 |       ||     3
         Distracted        |       |     1 |       |       |       ||     1
 Armour: Leather armour    |    24 |    11 |    30 |    38 |       ||   103
         Steam dragon scal |       |       |       |   110 |    29 ||   139
         Acid dragon scale |       |       |       |     2 |       ||     2
  Dodge: Dodged            |    28 |    35 |    82 |   159 |    52 ||   356
  Block: Buckler           |    32 |    29 |    61 |   149 |    39 ||   310
         Reflection        |       |       |       |     7 |       ||     7

Levels and vault maps discovered:
D:1:      wheals_arrival_linesprint, layout_loops_ring
D:2:      layout_loops_ring, basic_ecumenical_altar, serial_shops, shop,
          uniq_natasha
D:3:      layout_basic, serial_shops, nicolae_shop_waterfront, minivault_24,
          minmay_misc_feat_tower, nicolae_elevator_lobby_plus
D:4:      layout_basic, gammafunk_temple_overflow_elements, serial_glass,
          glass_columns_a, glass_columns_a, glass_columns_a, glass_columns_b,
          glass_columns_a, glass_columns_c, minmay_unequal
D:5:      layout_gridville, serial_shops, nicolae_shop_trees, uniq_ijyb
D:6:      layout_cave_pools, yredelemnul_altar_generic, ldierk_geyser,
          minivault_22
D:7:      layout_cave_pods, kennysheep_mini_moat, minmay_temple_entry_junction_2
D:8:      layout_basic, mainiacjoe_overflow_alcove_2, enter_bailey_5
D:9:      layout_basic, dpeg_oklobed_lair, orc_0_dummy, serial_shops, shop,
          minmay_unpleasant_kobolds, uniq_prince_ribbit1
D:10:     layout_loops_ring
D:11:     layout_irregular_city
D:12:     layout_basic, serial_bayou, serial_bayou_crossing,
          serial_bayou_lagoon_a, serial_bayou_pond_a, serial_bayou_shore_a,
          serial_bayou_pond_c, eino_house_with_fridge
Lair:1:   layout_long_grid, nzn_sisyphean_effort, uniq_harold

Notes
Turn   | Place    | Note
-------+----------+-------------------------------------------
     0 | D:1      | Jeffwins the Human Wanderer began the quest for the Orb.
     0 | D:1      | Jeffwins set off with the following items: a +0 dagger, a
                  | scroll of teleportation {@r4}, a potion of berserk rage
                  | {!q}, a +0 leather armour, a +2 buckler; and the following
                  | spell memorised: Foxfire; and the following spells
                  | available to memorise: Ignite Poison.
     0 | D:1      | Reached XP level 1. HP: 18/18 MP: 2/2
   239 | D:1      | Reached XP level 2. HP: 24/24 MP: 0/3
   915 | D:1      | Reached XP level 3. HP: 27/29 MP: 5/5
  1341 | D:2      | Found Esesk's Antique Weapon Shoppe.
  1355 | D:2      | Reached skill level 1 in Conjurations
  1361 | D:2      | Found a faded altar of an unknown god.
  1994 | D:2      | Noticed Natasha
  2004 | D:2      | Killed Natasha
  2005 | D:2      | Reached skill level 1 in Stealth
  2005 | D:2      | Reached XP level 4. HP: 14/35 MP: 1/6
  2221 | D:2      | Reached skill level 2 in Spellcasting
  2354 | D:2      | Noticed Natasha
  2367 | D:2      | Killed Natasha
  2368 | D:2      | Reached XP level 5. HP: 17/41 MP: 0/8
  2615 | D:2      | Reached skill level 3 in Fire Magic
  2820 | D:3      | Reached skill level 2 in Conjurations
  3052 | D:3      | Found Ibbef's Antique Weapon Shoppe.
  3294 | D:3      | Reached XP level 6. HP: 46/47 MP: 9/9
  4000 | D:2      | Bought a brightly glowing dagger for 140 gold pieces
  4000 | D:2      | Identified the +2 dagger "Zoug" {antimagic, *Corrode rF+
                  | Int+2} (You bought it in a shop on level 2 of the Dungeon)
  4112 | D:4      | Reached skill level 2 in Stealth
  4117 | D:4      | Reached skill level 3 in Spellcasting
  4320 | D:4      | Reached XP level 7. HP: 49/52 MP: 3/11
  4501 | D:4      | Upgraded the game from 0.30-a0-1085-g990a428a5c to
                  | 0.30-a0-1094-g860fb061e7
  4621 | D:4      | Found a radiant altar of Vehumet.
  4621 | D:4      | Found a shimmering blue altar of Sif Muna.
  4644 | D:4      | Became a worshipper of Vehumet
  4766 | D:4      | Reached skill level 3 in Conjurations
  5152 | D:4      | Reached skill level 4 in Fire Magic
  5620 | D:5      | Entered Level 5 of the Dungeon
  5771 | D:5      | Reached XP level 8. HP: 52/58 MP: 0/13
  6040 | D:5      | Found Xotziruc's General Store.
  6094 | D:5      | Bought a scroll of fear for 60 gold pieces
  6094 | D:5      | Bought a scroll of identify for 30 gold pieces
  6119 | D:5      | Noticed Ijyb
  6138 | D:5      | Killed Ijyb
  6139 | D:5      | Reached skill level 5 in Shields
  6153 | D:5      | Reached skill level 3 in Stealth
  6153 | D:5      | Reached skill level 4 in Spellcasting
  6153 | D:5      | Reached skill level 4 in Conjurations
  6664 | D:5      | Identified the ring of Mistrust {Ice +Blink rElec rCorr
                  | Dex+3}
  6843 | D:4      | Reached * piety under Vehumet
  6843 | D:4      | Offered knowledge of Sandblast by Vehumet.
  6844 | D:4      | Reached skill level 1 in Throwing
  6866 | D:5      | Reached skill level 5 in Fire Magic
  7357 | D:6      | Reached skill level 1 in Evocations
  7419 | D:6      | Found a basalt altar of Yredelemnul.
  7587 | D:5      | Reached XP level 9. HP: 36/63 MP: 8/16
  8153 | D:6      | Learned a level 5 spell: Borgnjor's Vile Clutch
  8330 | D:6      | Reached skill level 5 in Conjurations
  8648 | D:7      | Found a staircase to the Ecumenical Temple.
  8825 | D:7      | Found a hide-covered altar of Uskayaw.
  8999 | D:7      | Reached skill level 1 in Ranged Weapons
  8999 | D:7      | Reached skill level 5 in Spellcasting
  8999 | D:7      | Reached skill level 1 in Earth Magic
  9089 | D:7      | Reached skill level 2 in Throwing
  9324 | D:7      | Reached skill level 1 in Necromancy
  9324 | D:7      | Reached skill level 2 in Evocations
  9555 | D:8      | Found a flagged portal.
  9577 | D:8      | Reached skill level 4 in Stealth
  9579 | Bailey   | Entered a bailey
  9767 | Bailey   | Reached ** piety under Vehumet
  9769 | Bailey   | Offered knowledge of Scorch by Vehumet.
  9777 | Bailey   | Learned a level 2 spell: Scorch
  9941 | Bailey   | Reached skill level 6 in Fire Magic
  9998 | Bailey   | Identified the +4 helmet of Weightlessness {+Inv rPois
                  | Will+ Stlth+}
 10147 | Bailey   | Noticed a gargoyle
 10161 | Bailey   | Killed a gargoyle
 10162 | Bailey   | Reached skill level 2 in Ranged Weapons
 10162 | Bailey   | Reached skill level 2 in Necromancy
 10162 | Bailey   | Reached skill level 2 in Earth Magic
 10312 | Bailey   | Reached XP level 10. HP: 36/70 MP: 2/18
 10885 | Bailey   | Offered knowledge of Dazzling Flash by Vehumet.
 10966 | Bailey   | Identified the +1 buckler of the Endless Expanse {rC+ Str+3
                  | Stlth+}
 11076 | Bailey   | Identified the staff of conjuration "Rooly" {Contam Dex+5
                  | Stlth+}
 11130 | D:8      | Reached skill level 6 in Conjurations
 11130 | D:8      | Reached skill level 3 in Necromancy
 11130 | D:8      | Reached skill level 3 in Earth Magic
 11130 | D:8      | Reached *** piety under Vehumet
 11132 | D:8      | Reached skill level 6 in Shields
 11132 | D:8      | Reached skill level 6 in Spellcasting
 11133 | D:8      | Reached skill level 3 in Evocations
 11137 | D:8      | Reached skill level 3 in Throwing
 11730 | D:8      | Reached skill level 7 in Fire Magic
 11733 | D:8      | Reached skill level 4 in Necromancy
 12027 | D:8      | Offered knowledge of Inner Flame by Vehumet.
 12170 | D:8      | Found a snail-covered altar of Cheibriados.
 12251 | D:8      | Reached XP level 11. HP: 75/75 MP: 20/20
 12588 | D:9      | Identified the +4 trident "Cousof Rinn" {elec, +Blink Str+2
                  | Int+2}
 12613 | D:9      | Noticed a two-headed ogre
 12624 | D:9      | Killed a two-headed ogre
 12625 | D:9      | Reached skill level 4 in Earth Magic
 12632 | D:9      | Found Noxaje's Book Shoppe.
 12636 | D:9      | Reached skill level 5 in Stealth
 12689 | D:9      | Found a staircase to the Lair.
 13021 | D:9      | Noticed a two-headed ogre
 13041 | D:9      | Killed a two-headed ogre
 13042 | D:9      | Reached skill level 7 in Conjurations
 13105 | D:9      | Found a staircase to the Orcish Mines.
 13298 | D:9      | Noticed Prince Ribbit
 13302 | D:9      | Killed Prince Ribbit
 13797 | D:10     | Entered Level 10 of the Dungeon
 13858 | D:10     | Reached skill level 5 in Necromancy
 13961 | D:10     | Reached skill level 5 in Earth Magic
 13970 | D:9      | Reached **** piety under Vehumet
 13971 | D:9      | Reached skill level 4 in Throwing
 13974 | D:9      | Reached skill level 4 in Evocations
 14227 | D:9      | Reached skill level 7 in Spellcasting
 14314 | D:9      | Offered knowledge of Fireball by Vehumet.
 14420 | D:9      | Learned a level 5 spell: Fireball
 14525 | D:10     | Noticed a sixfirhy
 14755 | D:10     | Noticed a sun demon
 14763 | D:9      | Reached skill level 8 in Fire Magic
 14768 | D:9      | Reached XP level 12. HP: 34/81 MP: 7/22
 15181 | D:10     | Noticed a two-headed ogre
 15186 | D:10     | Killed a two-headed ogre
 16010 | D:11     | Reached skill level 8 in Conjurations
 16010 | D:11     | Reached skill level 6 in Necromancy
 16017 | D:11     | Reached skill level 6 in Earth Magic
 17009 | D:12     | Noticed a two-headed ogre
 17015 | D:12     | Killed a two-headed ogre
 17159 | D:12     | Reached ***** piety under Vehumet
 17378 | D:12     | Offered knowledge of Freezing Cloud by Vehumet.
 17403 | D:12     | Reached skill level 5 in Throwing
 17703 | D:12     | Reached skill level 8 in Spellcasting
 17703 | D:12     | Reached skill level 5 in Evocations
 18126 | D:12     | Reached skill level 9 in Fire Magic
 18427 | Lair:1   | Entered Level 1 of the Lair of Beasts
 18562 | Lair:1   | Reached XP level 13. HP: 86/86 MP: 15/25
 18769 | Lair:1   | HP: 7/85 [black mamba (13)]
 18772 | Lair:1   | Reached skill level 7 in Necromancy
 18772 | Lair:1   | Reached skill level 7 in Earth Magic
 18923 | Lair:1   | Noticed Harold
 18934 | Lair:1   | Mangled by Harold

Vanquished Creatures
  4 two-headed ogres
  A deep elf pyromancer (D:12)
  A necromancer (D:12)
  A cyclops (D:11)
  A manticore (D:11)
  An ugly thing (D:12)
  A black mamba (Lair:1)
  A cane toad (Lair:1)
  A gargoyle (Bailey)
  7 kobold demonologists
  4 trolls (D:12)
  Prince Ribbit (D:9)
  2 vampires
  3 shadows
  A water elemental (D:12)
  A wyvern (D:8)
  28 yaks
  A basilisk (Lair:1)
  2 steam dragons
  2 vampire mosquitoes (D:9)
  3 acid dragons
  2 water moccasins (Lair:1)
  3 black bears
  2 orc warriors
  11 wolves (Lair:1)
  An ogre (D:5)
  11 centaurs
  2 phantoms
  5 kobold brigands
  2 gnoll sergeants (D:5)
  4 bullfrogs
  A scorpion (D:6)
  8 wights
  6 killer bees (D:8)
  3 howler monkeys
  8 vampire bats (Bailey)
  7 wolf zombies (Bailey)
  5 electric eels (D:12)
  3 gnoll boudas
  2 orc priests
  2 hounds
  3 jellies
  A sleepcap (D:5)
  Ijyb (D:5)
  6 iguanas
  4 orc wizards
  Natasha (twice) (D:2)
  5 hell rats (Lair:1)
  4 polar bear simulacra (D:12)
  3 yak simulacra (D:12)
  2 wolf simulacra (D:12)
  24 gnolls
  8 adders
  3 shadow imps
  2 white imps
  An ufetubus (D:4)
  4 worms
  A dart slug (D:4)
  25 orcs
  3 bats
  7 endoplasms
  2 giant cockroaches (D:1)
  7 goblins
  10 hobgoblins
  6 jackals (D:3)
  3 quokkas
  5 ball pythons
  A frilled lizard (D:2)
  29 kobolds
  18 orc zombies (Bailey)
  5 rats
  2 river rat simulacra (D:12)
352 creatures vanquished.

Vanquished Creatures (collateral kills)
  A vampire (Bailey)
  18 foxfires (D:12)
19 creatures vanquished.

Vanquished Creatures (others)
  1238 foxfires
  3 fungi (Lair:1)
  18 plants
1259 creatures vanquished.

Grand Total: 1630 creatures vanquished

Table legend: (Time is in decaauts)
 A = Elapsed time spent in this place.
 B = Non-inter-level travel time spent in this place.
 C = Inter-level travel time spent in this place.
 D = Time resting spent in this place.
 E = Time spent auto-exploring this place.
 F = Levels seen in this place.
 G = Mean time per level.
                   A        B        C        D        E       F      G
               +--------+--------+--------+--------+--------+-----+--------+
         Total |  19061 |  18371 |    690 |   2365 |  13140 |  14 | 1361.5 |
       Dungeon |  16984 |  16294 |    690 |   2256 |  11665 |  12 | 1415.3 |
          Lair |    521 |    521 |      0 |      0 |    367 |   1 |  521.0 |
        Bailey |   1555 |   1555 |      0 |    109 |   1108 |   1 | 1555.0 |
               +--------+--------+--------+--------+--------+-----+--------+

Top non-repeatable levels by time:
     D:9: 2458 daAuts
     D:5: 1721 daAuts
     D:4: 1706 daAuts
  Bailey: 1555 daAuts
     D:2: 1528 daAuts
    D:12: 1477 daAuts
     D:8: 1458 daAuts
     D:1: 1342 daAuts
     D:3: 1303 daAuts
    D:11: 1088 daAuts
     D:6: 994 daAuts
     D:7: 969 daAuts
    D:10: 935 daAuts
  Lair:1: 521 daAuts

Table legend:
 A = Non-vault XP
 B = Vault XP
 C = Vault XP percentage of total XP
 D = Non-vault monster count
 E = Vault monster count
 F = Vault count percentage of total count
                 A         B        C        D         E       F
            +---------+---------+-------+---------+---------+-------
      Total |   26522 |    2938 |  10.0 |     290 |      63 |  17.8
            +---------+---------+-------+---------+---------+-------
        D:1 |      30 |       0 |   0.0 |      17 |       0 |   0.0
        D:2 |     120 |      35 |  22.6 |      22 |       1 |   4.3
        D:3 |     155 |       0 |   0.0 |      29 |       0 |   0.0
        D:4 |     262 |     154 |  37.0 |      15 |       4 |  21.1
        D:5 |     997 |      36 |   3.5 |      31 |       1 |   3.1
        D:6 |     507 |       0 |   0.0 |      23 |       0 |   0.0
        D:7 |     474 |       0 |   0.0 |      10 |       0 |   0.0
        D:8 |    3517 |       6 |   0.2 |      35 |       4 |  10.3
        D:9 |    6899 |     292 |   4.1 |      31 |       6 |  16.2
       D:10 |    2875 |       0 |   0.0 |      13 |       0 |   0.0
       D:11 |    2610 |       0 |   0.0 |      17 |       0 |   0.0
       D:12 |    5056 |     875 |  14.8 |      24 |      12 |  33.3
     Lair:1 |    3020 |       0 |   0.0 |      23 |       0 |   0.0
     Bailey |       0 |    1540 | 100.0 |       0 |      35 | 100.0
            +---------+---------+-------+---------+---------+-------
